 Dungeon Crawl Stone Soup version 0.32-a0-799-g95e1662365 (webtiles) character file.

Game seed: 7199836336173131888

53 ragingrage the Slasher (level 3, -1/23 HPs)
             Began as a Tengu Chaos Knight on Mar 21, 2024.
             Was a Plaything of Xom.
             Slain by Natasha (4 damage)
             ... on level 2 of the Dungeon.
             The game lasted 00:01:10 (895 turns).

ragingrage the Slasher (Tengu Chaos Knight)          Turns: 895, Time: 00:01:10

Health: -1/23      AC:  5    Str: 12    XL:     3   Next: 87%
Magic:  4/4        EV: 10    Int: 10    God:    Xom [*.....]
Gold:   102        SH:  0    Dex: 15    Spells: 2/2 levels left

rFire   . . .        a - +0 falchion (chaos)
rCold   . . .        (no shield)
rNeg    . . .        b - +2 leather armour
rPois   .            d - +0 hat
rElec   .            (no cloak)
rCorr   .            (no gloves)
SInv    .            (boots unavailable)
Will    .....        (no amulet)
Stlth   ++           (no ring)
HPRegen 0.23/turn    (no ring)
MPRegen 0.09/turn

%: acrobat
@: attractive, slowed, very slow
A: beak, talons 3, acrobatic, dopey 1
a: Renounce Religion


You were on level 2 of the Dungeon.
You worshipped Xom.
You were a special plaything of Xom.
You visited 1 branch of the dungeon, and saw 2 of its levels.

You collected 102 gold pieces.

Inventory:

Hand Weapons
 a - a +0 falchion of chaos (weapon)
 h - a +0 dagger
Armour
 b - a +2 leather armour (worn)
 d - a +0 hat (worn)
Scrolls
 c - a scroll of butterflies
Potions
 f - 2 potions of attraction
 g - a potion of haste {unknown}


   Skills:
 - Level 3.0 Fighting
 + Level 4.6 Long Blades
 - Level 2.1 Armour
 - Level 1.1 Dodging
 - Level 2.0 Stealth


You had 2 spell levels left.
You didn't know any spells.
Your spell library contained the following spells:

 Spells                   Type           Power      Damage    Failure   Level
 Apportation              Tloc           0%         N/A       43%         1
 Sandblast                Erth           0%         2d4       43%         1
 Call Imp                 Summ           0%         N/A       58%         2
 Ensorcelled Hibernation  Hex/Ice        0%         N/A       58%         2
 Jinxbite                 Hex            0%         N/A       58%         2
 Sublimation of Blood     Necr           0%         N/A       58%         2
 Passwall                 Erth           0%         N/A       82%         3
 Stone Arrow              Conj/Erth      0%         3d7       82%         3
 Swiftness                Air            0%         N/A       82%         3
 Brom's Barrelling Bould  Conj/Erth      0%         2d3       99%         4
 Alistair's Intoxication  Alch           0%         N/A       100%        5
 Summon Hydra             Summ           0%         N/A       100%        7


Dungeon Overview and Level Annotations

Branches:
Dungeon (2/15)

Altars:

Annotations:
D:2 Natasha


Innate Abilities, Weirdness & Mutations

You have a beak for a mouth.
You have claws for feet.
You can magically evade attacks while moving or waiting.
You are dopey. (Int -2)


Message History

You barely resist.
The cerulean imp hits you but does no damage.
The air fills with toxic fumes!
As you read the scroll labelled OJOQIV CITUNO, it crumbles to dust.
It was a scroll of poison.
Xom is amused.
Jessica points at you and mumbles some strange words.
Pain shoots through your body!
Natasha mumbles some strange words.
The cerulean imp closely misses you.
Jessica shouts, "You are a ghastly nuisance!"
Jessica casts a spell.
Jessica blinks!
Natasha mumbles some strange words.
Unknown command.
Okay, then.
It was a potion of attraction.
You feel attractive to monsters.
Xom roars with laughter!
The cerulean imp hits you but does no damage.
Jessica is engulfed in poison gas.
Jessica is poisoned.
You kill Jessica!
The cerulean imp closely misses you.
The cerulean imp hits you but does no damage.
The cerulean imp is attracted toward you.
Natasha is attracted toward you. The cerulean imp barely misses you.
The cerulean imp completely misses you. Natasha misses you.
The cerulean imp closely misses you.
You hit Natasha. You peck Natasha.
The cerulean imp hits you but does no damage.
The cerulean imp hits you with a +1 spear.
Natasha claws you!
* * * LOW HITPOINT WARNING * * *
The cerulean imp hits you but does no damage. x2
The cerulean imp barely misses you.
You hit Natasha.
The acid corrodes Natasha!
Your kick misses Natasha. Natasha claws you.
You die...
Natasha curls up and begins to purr.
Xom guffaws!

#§ #§###### ☼§.§☼§§ ###
§.§§§ #.... ☼.§§
..!#§§#####55#
....§§§§§§§5h#
..........#@#
..........#☼#
.........☼§# ..
#....[§#########
...#....§§....#...##
.......§##.........##
......§§#...........##
...?###..............##
..( ##..............##


You could see Natasha (corroded) and 3 cerulean imps.

Vanquished Creatures
  Jessica (D:2)
  A bat (D:1)
  4 endoplasms
  A giant cockroach (D:2)
  5 hobgoblins
  3 quokkas (D:1)
  3 ball pythons (D:1)
  2 frilled lizards (D:1)
  2 goblins (D:1)
  2 rats (D:1)
24 creatures vanquished.

Vanquished Creatures (others)
  A ball python zombie (D:1)
1 creature vanquished.

Grand Total: 25 creatures vanquished

Notes
Turn   | Place    | Note
-------+----------+-------------------------------------------
     0 | D:1      | ragingrage the Tengu Chaos Knight began the quest for the
                  | Orb.
     0 | D:1      | Reached XP level 1. HP: 14/14 MP: 2/2
    82 | D:1      | XOM: potion effect (berserk rage)
   133 | D:1      | XOM: 5-stop teleportation journey
   135 | D:1      | Reached skill level 1 in Stealth
   137 | D:1      | Reached XP level 2. HP: 19/19 MP: 3/3
   372 | D:1      | XOM: give mutation
   372 | D:1      | Gained mutation: You are dopey. (Int -2) [Xom's mischief]
   846 | D:2      | Reached XP level 3. HP: 23/23 MP: 4/4
   848 | D:2      | Reached skill level 4 in Long Blades
   873 | D:2      | Noticed Jessica
   886 | D:2      | Noticed Natasha
   892 | D:2      | Killed Jessica
   895 | D:2      | Slain by Natasha

Illustrated notes

Levels and vault maps discovered:
D:1:      lightli_arrival_maybe_door_vault, layout_basic
D:2:      layout_rooms, uniq_natasha, uniq_jessica

Skill      XL: |  1  2  3 |
---------------+----------+-----
Stealth        | 1 2 |  2.0
Long Blades    | 4 |  4.6
Fighting       | |  3.0
Armour         | |  2.1
Dodging        | |  1.1

Action                     || total
---------------------------++-------
  Melee: Falchion          ||    44
         Kick              ||     9
         Peck              ||     4
    Use: Scroll            ||     1
         Potion            ||     1
   Stab: Sleeping          ||     2
         Confused          ||     1
 Armour: Leather armour    ||    29
  Dodge: Dodged            ||    31

Table legend: (Time is in decaauts)
 A = Elapsed time spent in this place.
 B = Non-inter-level travel time spent in this place.
 C = Inter-level travel time spent in this place.
 D = Time resting spent in this place.
 E = Time spent auto-exploring this place.
 F = Levels seen in this place.
 G = Mean time per level.
                   A        B        C        D        E       F      G
               +--------+--------+--------+--------+--------+-----+--------+
         Total |    915 |    853 |     62 |     52 |    631 |   2 |  457.5 |
       Dungeon |    915 |    853 |     62 |     52 |    631 |   2 |  457.5 |
               +--------+--------+--------+--------+--------+-----+--------+

Top non-repeatable levels by time:
     D:1: 855 daAuts
     D:2: 60 daAuts
